 Dungeon Crawl Stone Soup version 0.29-a0-857-g9b1aa3ac5b (webtiles) character file.

Game seed: 2694680547920840567

88 concernfroge the Trooper (level 4, -5/39 HPs)
             Began as a Mummy Monk on July 17, 2022.
             Slain by a gnoll
             ... wielding a +0 spear
              (6 damage)
             ... on level 2 of the Dungeon.
             The game lasted 00:03:39 (1725 turns).

concernfroge the Trooper (Mummy Monk)               Turns: 1725, Time: 00:03:39

Health: -5/39      AC:  4    Str: 16    XL:     4   Next: 29%
Magic:  0/4        EV: 12    Int:  9    God:
Gold:   63         SH:  0    Dex: 14    Spells: 3/3 levels left

rFire   x . .      SeeInvis .   c - +3 short sword
rCold   + . .      Faith    .   (no shield)
rNeg    + + +      Spirit   +   i - +0 leather armour
rPois   ∞          Reflect  .   (no helmet)
rElec   .          Harm     .   (no cloak)
rCorr   .          Rampage  .   d - +0 pair of gloves
Will    .....                   (no boots)
Stlth   ++........              g - amulet of guardian spirit
HPRegen 0.13/turn               (no ring)
MPRegen 0.09/turn               (no ring)

@: no status effects
A: cold resistance 1, negative energy resistance 3, torment resistance 2, heat
vulnerability 1, in touch with death 1, no potions
a: no special abilities


You were on level 2 of the Dungeon.
You visited 1 branch of the dungeon, and saw 2 of its levels.

You collected 63 gold pieces.

Inventory:

Hand Weapons
 a - a +0 spear
 c - a +3 short sword (weapon)
Armour
 d - a +0 pair of gloves (worn)
 i - a +0 leather armour (worn)
Jewellery
 g - an amulet of guardian spirit (around neck)
Scrolls
 b - a scroll of immolation {unknown}
 e - a scroll of teleportation {unknown}
 f - a scroll of identify {unknown}
 h - a scroll of amnesia {unknown}


   Skills:
 + Level 5.2 Fighting
 - Level 2.4 Polearms
 - Level 2.4 Dodging
 - Level 1.5 Stealth


You had 3 spell levels left.
You didn't know any spells.
Your spell library contained the following spells:

 Spells                   Type           Power      Damage    Failure   Level
 Leda's Liquefaction      Hex/Erth       0%         N/A       99%         4
 Lee's Rapid Deconstruct  Erth           0%         3d5*      100%        5
 Statue Form              Tmut/Erth      Unusable   N/A       N/A         6

Dungeon Overview and Level Annotations

Branches:
Dungeon (2/15)

Altars:


Innate Abilities, Weirdness & Mutations

You are immune to poison.
Your flesh is cold resistant. (rC+)
You are immune to negative energy. (rN+++)
You are immune to unholy pain and torment.
You are vulnerable to heat. (rF-)
You are in touch with the powers of death.
You do not drink.


Message History

Okay, then.
You hit the gnoll.
The gnoll is heavily wounded.
The gnoll hits you from afar with a +0 spear.
The gnoll hits you but does no damage.
You closely miss the gnoll.
The gnoll is heavily wounded.
The gnoll closely misses you. The gnoll hits you with a +0 whip.
You barely miss the gnoll.
The gnoll is heavily wounded.
The gnoll closely misses you. The gnoll misses you.
You hit the gnoll.
The gnoll is almost dead.
The gnoll hits you from afar with a +0 spear.
The gnoll barely misses you.
You hit the gnoll.
The gnoll is almost dead.
The gnoll closely misses you.
The gnoll hits you from afar with a +0 spear.
You hit the gnoll.
You kill the gnoll!
The gnoll hits you from afar with a +0 spear.
* * * LOW HITPOINT WARNING * * *
The gnoll hits you with a +0 spear!
* * * LOW HITPOINT WARNING * * *
Items here: ))) ††.
You hit the gnoll.
The gnoll is heavily wounded.
The gnoll misses you.
You hit the gnoll.
The gnoll is heavily wounded.
The gnoll misses you.
You barely miss the gnoll.
The gnoll is heavily wounded.
The gnoll hits you with a +0 spear.
* * * LOW HITPOINT WARNING * * *
You hit the gnoll.
The gnoll is almost dead.
The gnoll hits you with a +0 spear.
You die...

.#.#.# .#.#.#
.#.#.# .#.#.###
### .......#####
#.# ###.........
..# #.....#####
#.# ###........>#
#g# #.####..#.###
#@# .#.# #..#<#
#.# #.##
#.##.######.#
.#.###.##........#
###.....#.########
#.....###
###.....#
........#
#.......#


You could see a gnoll.

Vanquished Creatures
  2 adders (D:2)
  3 gnolls (D:2)
  2 endoplasms
  4 goblins
  3 hobgoblins
  5 jackals (D:1)
  6 kobolds (D:1)
  A quokka (D:2)
  5 ball pythons
  2 bats (D:1)
  3 frilled lizards
  8 rats
44 creatures vanquished.

Vanquished Creatures (others)
  A fungus (D:1)
  A plant (D:1)
2 creatures vanquished.

Grand Total: 46 creatures vanquished

Notes
Turn   | Place    | Note
-------+----------+-------------------------------------------
     0 | D:1      | concernfroge the Mummy Monk began the quest for the Orb.
     0 | D:1      | Reached XP level 1. HP: 18/18 MP: 1/1
   117 | D:1      | Reached XP level 2. HP: 12/24 MP: 2/2
   511 | D:1      | Found a faded altar of an unknown god.
   670 | D:1      | Reached skill level 4 in Fighting
  1219 | D:2      | Gained mutation: You are in touch with the powers of death.
                  | [Mummy growth]
  1219 | D:2      | Reached XP level 3. HP: 29/30 MP: 3/3
  1712 | D:2      | Reached XP level 4. HP: 31/38 MP: 2/4
  1715 | D:2      | Reached skill level 5 in Fighting
  1721 | D:2      | HP: 1/39 [gnoll/+0 spear (8)]
  1725 | D:2      | Slain by a gnoll

Illustrated notes

Levels and vault maps discovered:
D:1:      onia_arrival_mini_spirals, layout_loops_cross,
          shapermc_ecumenical_altar_mp_ritualfount, st_stairs_10
D:2:      layout_basic, minivault_24

Skill      XL: |  1  2  3  4 |
---------------+-------------+-----
Fighting       | 4 5 |  5.2
Polearms       | |  2.4
Dodging        | |  2.4
Stealth        | |  1.5

Action                   |  1- 3 |  4- 6 || total
-------------------------+-------+-------++-------
Melee: Spear             |    33 |       ||    33
       Short sword       |    78 |    13 ||    91
 Stab: Sleeping          |     6 |       ||     6
Armor: Robe              |    11 |       ||    11
       Leather armour    |     1 |     1 ||     2
Dodge: Dodged            |    64 |     8 ||    72

Table legend: (Time is in decaauts)
 A = Elapsed time spent in this place.
 B = Non-inter-level travel time spent in this place.
 C = Inter-level travel time spent in this place.
 D = Time resting spent in this place.
 E = Time spent auto-exploring this place.
 F = Levels seen in this place.
 G = Mean time per level.
                   A        B        C        D        E       F      G
               +--------+--------+--------+--------+--------+-----+--------+
         Total |   1732 |   1694 |     38 |      0 |   1371 |   2 |  866.0 |
       Dungeon |   1732 |   1694 |     38 |      0 |   1371 |   2 |  866.0 |
               +--------+--------+--------+--------+--------+-----+--------+

Top non-repeatable levels by time:
     D:1: 1170 daAuts
     D:2: 562 daAuts
